 Dungeon Crawl Stone Soup version 0.21-a0-444-g29a2fec (webtiles) character file.

5 slep the Sneak (level 1, -1/11 HPs)
             Began as a Vine Stalker Assassin on Nov 17, 2017.
             Slain by a goblin
             ... wielding a +0 club
              (3 damage)
             ... on level 1 of the Dungeon.
             The game lasted 00:00:46 (153 turns).

slep the Sneak (Vine Stalker Assassin)               Turns: 153, Time: 00:00:46

Health: -1/11      AC:  3    Str: 13    XL:     1   Next: 80%
Magic:  0/2        EV: 11    Int: 11    God:
Gold:   16         SH:  0    Dex: 15    Spells: 0/0 levels left

rFire    . . .     SeeInvis .   i - +0 mace
rCold    . . .     Gourm    .   (no shield)
rNeg     . . .     Faith    .   c - +0 robe
rPois    .         Spirit   +   (no helmet)
rElec    .         Reflect  .   d - +0 cloak
rCorr    .         Harm     .   (no gloves)
MR       .....                  (no boots)
Stlth    +++.......             (no amulet)
HPRegen  0.03/turn              (no ring)
MPRegen  0.08/turn              (no ring)

@: no status effects
A: fangs 2, magic shield, antimagic bite, no potion heal 3, rot immunity
a: no special abilities


You were on level 1 of the Dungeon.
You were not hungry.

You visited 1 branch of the dungeon, and saw 1 of its levels.

You collected 16 gold pieces.

Inventory:

Hand Weapons
 a - a +2 dagger
 b - a +0 blowgun
 h - a +3 dagger of venom
 i - a +0 mace (weapon)
Missiles
 e - 8 poisoned needles
 f - 2 curare-tipped needles
Armour
 c - a +0 robe (worn)
 d - a +0 cloak (worn)
Comestibles
 g - a bread ration


   Skills:
 + Level 1.7 Fighting
 + Level 1.8 Short Blades
 + Level 2.0 Throwing
 + Level 0.7 Dodging
 + Level 5.0 Stealth


You couldn't memorise any spells.
You didn't know any spells.

Dungeon Overview and Level Annotations

Branches:
Dungeon (1/15)

Altars:


Innate Abilities, Weirdness & Mutations

You have extremely sharp teeth.
When hurt, damage is shared between your health and your magic reserves.
Your bite disrupts and absorbs the magic of your enemies.
Potions cannot restore your health.
You are immune to rotting.


Message History

The leopard gecko bites you. The leopard gecko misses you.
You closely miss the leopard gecko.
The leopard gecko is heavily wounded.
The leopard gecko bites you. The leopard gecko misses you.
You hit the leopard gecko. You bite the leopard gecko. You drain its power.
You kill the leopard gecko!
Your Throwing skill increases to level 2!
The goblin shouts!
A bat comes into view.
You see here a leopard gecko corpse.
You hit the goblin.
The goblin is moderately wounded.
The bat hits you. The bat hits you but does no damage.
The bat barely misses you. The goblin hits you with a club.
* * * LOW HITPOINT WARNING * * *
The bat hits you but does no damage.
You miss the goblin.
The goblin is moderately wounded.
The bat completely misses you. The goblin hits you with a club.
You die...

####+####.####
#.......#...#
#..#####.##.## ..#
#.#....## ...
..###....# #.####
#.....# #.# ##.##.#.#
####b####..##.#.####
.#..g@†..#.###.#....#
#....(.......##.####.#
###.##.##.#..##.# #.#
.. ...##.#..##.####.##
###.##.................
# #..........#####..
$....####### ### ######


You could see a goblin and a bat.

Vanquished Creatures
  A leopard gecko (D:1)
  A hobgoblin (D:1)
  A frilled lizard (D:1)
  2 rats (D:1)
5 creatures vanquished.

Notes
Turn   | Place    | Note
-------+----------+-------------------------------------------
     0 | D:1      | slep the Vine Stalker Assassin began the quest for the Orb.
     0 | D:1      | Reached XP level 1. HP: 11/11 MP: 2/2
    56 | D:1      | Reached skill level 5 in Stealth
   153 | D:1      | Slain by a goblin

Vault maps used:
D:1:      minmay_arrival_open_corners, minmay_fountain_box,
          kennysheep_flooded_box

Skill      XL: |  1 |
---------------+----+-----
Stealth        | 5 |  5.0
Throwing       | 2 |  2.0
Fighting       | |  1.7
Short Blades   | |  1.8
Dodging        | |  0.7

Action                   || total
-------------------------++-------
Melee: Mace              ||     9
       Dagger            ||     3
       Bite              ||     2
 Stab: Sleeping          ||     3
Armor: Robe              ||     4
Dodge: Dodged            ||     7

Table legend:
 A = Spawn XP
 B = Non-spawn XP
 C = Spawn XP percentage of total XP
 D = Spawn monster count
 E = Non-spawn monster count
 F = Spawn count percentage of total count
 G = Total turns spent on level
                    A         B        C        D         E        F      G
               +---------+---------+-------+---------+---------+-------+---------
         Total |       0 |       8 |   0.0 |       0 |       5 |   0.0 |   153
               +---------+---------+-------+---------+---------+-------+---------
           D:1 |       0 |       8 |   0.0 |       0 |       5 |   0.0 |   153
               +---------+---------+-------+---------+---------+-------+---------
